AoeStats
← Pwncakes

MegaRandom

507363844Analyzed
2v2 RM · 14d ago on Sep 17, 2026· 29m 30s· 4 players
Game mode
Random Map
Map size
Medium (4 player)
Population
200
Speed
Normal
Resources
Standard
Victory
Conquest
Starting age
Dark Age
Ending age
Imperial Age
RankedLock teamsTeams togetherTeam positionsShared explorationLock speedFull tech treeHidden civsTurbo modeCheats
Victory
Defeat
1254
+20
🇨🇱 Japanese · Chile
1248
+20
🇺🇸 Mapuche · United States
1352
-20
🇨🇦 Magyars · Canada
1330
-20
danielits el inconmensurable
5:06 Loom
11:03 Feudal Age
18:38 Castle Age
16:52 Double-Bit Axe
19:29 Husbandry
22:03 Gold Mining
23:01 Bow Saw
24:49 Scale Barding Armor
28:01 Chain Barding Armor
29:22 Forging
Micho
7:48 Loom
10:47 Feudal Age
11:30 Double-Bit Axe
11:52 Horse Collar
19:30 Castle Age
17:40 Gold Mining
22:57 Fletching
24:04 Bodkin Arrow
24:14 Town Watch
27:07 Husbandry
27:35 Bow Saw
Nhitty
10:00 Loom
12:27 Feudal Age
17:07 Castle Age
17:08 Double-Bit Axe
27:22 Scale Barding Armor
Pwncakes
10:39 Feudal Age
14:07 Castle Age
12:31 Gold Mining
12:27 Double-Bit Axe
12:56 Loom
13:33 Fletching
16:21 Bow Saw
16:00 Horse Collar
22:14 Bodkin Arrow
23:44 Wheelbarrow
23:59 Padded Archer Armor
25:41 Leather Archer Armor
27:20 Bow Saw
Connection lost

Rejoining the realm…

Still unreachable

The connection could not be restored.

Session expired

The server has moved on; the page needs a fresh start.